 Dungeon Crawl Stone Soup version 0.24-a0-232-g49d9ff8 (webtiles) character file.

Game seed: 5338397566948861374

384788 Inarius the Sensei (level 21, -12/165 HPs)
             Began as a Demonspawn Artificer on Apr 2, 2019.
             Was the Champion of Makhleb.
             Mangled by a vampire knight
             ... wielding a +0 great sword
              (26 damage)
             ... on level 3 of the Crypt on Apr 3, 2019.
             The game lasted 02:41:47 (49402 turns).

Inarius the Sensei (Demonspawn Artificer)          Turns: 49402, Time: 02:41:47

Health: -12/165    AC: 20    Str: 16    XL:     21   Next: 97%
Magic:  33/33      EV: 13    Int: 14    God:    Makhleb [******]
Gold:   1596       SH: 13    Dex: 23    Spells: 20/20 levels left

rFire    + + .     SeeInvis .     - Unarmed
rCold    . . .     Gourm    +   h - +0 shield {reflect}
rNeg     + + +     Faith    .   M - +2 plate armour {MR+}
rPois    +         Spirit   .   z - +2 helmet "Maih Zan" {rPois rF+}
rElec    +         Reflect  +   c - +2 cloak of Batwisa {rElec rN++ Regen+ Stlth-}
rCorr    .         Harm     .   (gloves unavailable)
MR       ++...                  (no boots)
Stlth    ..........             d - amulet of the gourmand
HPRegen  0.77/turn              Q - +4 ring of strength
MPRegen  0.23/turn              T - ring "Heeqauso" {*Corrode rF+ rN+ Slay+2}

@: flayed, corroded, slowed, very slow
A: claws 3, deterioration 1, foul stench 1, powered by death 3, augmentation 2,
rot immunity, sturdy frame 2
}: 2/15 runes: decaying, gossamer
a: Minor Destruction, Lesser Servant of Makhleb, Major Destruction, Greater
Servant of Makhleb, Renounce Religion


You were on level 3 of the Crypt.
You worshipped Makhleb.
Makhleb was exalted by your worship.
You were not hungry.

You visited 9 branches of the dungeon, and saw 41 of its levels.

You collected 4198 gold pieces.
You spent 2602 gold pieces at shops.

Inventory:

Hand Weapons
 l - the +1 whip "Pedetore" {freeze, rElec rC++ MR-}
   (You found it on level 5 of the Dungeon)

   It has been specially enchanted to freeze those struck by it, causing extra
   injury to most foes and up to half again as much damage against particularly
   susceptible opponents.
   It can also slow down cold-blooded creatures.
   It greatly protects you from cold.
   It insulates you from electricity.
   It affects your resistance to hostile enchantments.
Armour
 a - a +2 chain mail of cold resistance
 c - the +2 cloak of Batwisa (worn) {rElec rN++ Regen+ Stlth-}
   (You found it on level 4 of the Swamp)

   It insulates you from electricity.
   It greatly protects you from negative energy.
   It increases your rate of regeneration.
   It makes you less stealthy.
 g - the +6 scale mail of the Doldrums {Dex+4 Slay+5 Stlth+}
   (You bought it in a shop on level 2 of the Elven Halls)

   It affects your dexterity (+4).
   It affects your accuracy and damage with ranged weapons and melee attacks
   (+5).
   It makes you more stealthy.
 h - a +0 shield of reflection (worn)
 m - a scarf of cloud immunity
 z - the +2 helmet "Maih Zan" (worn) {rPois rF+}
   (You bought it in a shop on level 11 of the Dungeon)

   It protects you from fire.
   It protects you from poison.
 E - a +2 ring mail of fire resistance
 M - a +2 plate armour of magic resistance (worn)
 O - the +5 chain mail of the Orb Guardian {rN++ rCorr Str+2}
   (You bought it in a shop on level 2 of the Orcish Mines)

   It affects your strength (+2).
   It greatly protects you from negative energy.
   It provides partial protection from all sources of acid and corrosion.
Jewellery
 d - an amulet of the gourmand (around neck)
 t - an uncursed ring of protection from magic
 w - an uncursed ring of poison resistance
 C - a +3 ring of protection
 G - an uncursed ring of resist corrosion
 J - an uncursed ring of protection from fire
 Q - a +4 ring of strength (left claw)
 T - the ring "Heeqauso" (right claw) {*Corrode rF+ rN+ Slay+2}
   (You found it on level 3 of the Vaults)

   [ring of protection from fire]

   It affects your accuracy and damage with ranged weapons and melee attacks
   (+2).
   It protects you from fire.
   It protects you from negative energy.
   It may corrode you when you take damage.
 V - an uncursed ring of see invisible
Wands
 e - a wand of iceblast (3)
 i - a wand of random effects (20)
 N - a wand of digging (7)
 Y - a wand of paralysis (12)
Scrolls
 b - 6 scrolls of noise
 j - 3 scrolls of enchant armour
 p - 9 scrolls of immolation
 q - 9 scrolls of enchant weapon
 r - 21 scrolls of remove curse
 v - a scroll of brand weapon
 y - 11 scrolls of teleportation
 D - 15 scrolls of identify
 F - 5 scrolls of magic mapping
 L - a scroll of fear
 R - 2 scrolls of silence
 W - 5 scrolls of fog
Potions
 k - 11 potions of curing
 n - 8 potions of heal wounds
 o - 3 potions of haste
 s - 7 potions of invisibility
 u - 7 potions of ambrosia
 x - 2 potions of magic
 A - 6 potions of flight
 B - 6 potions of mutation
 H - 3 potions of cancellation
 K - a potion of might
 P - a potion of resistance
 S - 4 potions of brilliance
 Z - 2 potions of agility
Miscellaneous
 I - a fan of gales
Comestibles
 f - 63 rations
 U - 4 chunks of flesh


   Skills:
 * Level 14.2 Fighting
   Level 0.8 Short Blades
 + Level 11.1 Armour
 + Level 8.7 Dodging
 + Level 4.5 Stealth
 + Level 10.7 Shields
 * Level 24.2 Unarmed Combat
 * Level 16.4 Invocations
 * Level 9.9 Evocations


You had 20 spell levels left.
You didn't know any spells.
Your spell library contained the following spells:

 Spells                   Type           Power        Failure   Level  Hunger
 Sting                    Conj/Pois      #...         98%         1    ##.....
 Blink                    Tloc           N/A          99%         2    ###....
 Poisonous Vapours        Pois/Air       #.....       99%         2    ###....
 Shroud of Golubria       Chrm/Tloc      #.........   99%         2    ###....
 Conjure Flame            Conj/Fire      #.......     100%        3    ####...
 Gell's Gravitas          Tloc           #.........   100%        3    ####...
 Lesser Beckoning         Tloc           #.........   100%        3    ####...
 Mephitic Cloud           Conj/Pois/Air  #.......     100%        3    ####...
 Teleport Other           Tloc           #.......     100%        3    ####...
 Cause Fear               Hex            #.........   100%        4    #####..
 Ice Form                 Ice/Tmut       #.......     100%        4    #####..
 Olgreb's Toxic Radiance  Pois           #.......     100%        4    #####..
 Passage of Golubria      Tloc           N/A          100%        4    #####..
 Summon Lightning Spire   Summ/Air       #.......     100%        4    #####..
 Bolt of Magma            Conj/Fire/Erth #.........   100%        5    ######.
 Iskenderun's Battlesphe  Conj/Chrm      #.......     100%        5    ######.
 Metabolic Englaciation   Hex/Ice        #.........   100%        5    ######.
 Silence                  Hex/Air        #.........   100%        5    ######.
 Venom Bolt               Conj/Pois      #.........   100%        5    ######.
 Yara's Violent Unravell  Hex/Tmut       #.........   100%        5    ######.
 Bolt of Cold             Conj/Ice       #.........   100%        6    #######
 Conjure Ball Lightning   Conj/Air       #.........   100%        6    #######
 Deflect Missiles         Chrm/Air       #.........   100%        6    #######
 Freezing Cloud           Conj/Ice/Air   #.........   100%        6    #######
 Iron Shot                Conj/Erth      #.........   100%        6    #######
 Ozocubu's Refrigeration  Ice            #.........   100%        6    #######
 Simulacrum               Ice/Necr       #.........   100%        6    #######
 Orb of Destruction       Conj           #.........   100%        7    #######
 Ring of Flames           Chrm/Fire      #.........   100%        7    #######
 Spellforged Servitor     Conj/Summ      #.........   100%        7    #######
 Discord                  Hex            #.........   100%        8    #######
 Tornado                  Air            #.........   100%        9    #######


Dungeon Overview and Level Annotations

Branches:
Dungeon (15/15)            Temple (1/1) D:7            Lair (6/6) D:11
  Swamp (4/4) Lair:3       Spider (4/4) Lair:4        Slime (0/5) Lair:5
    Orc (2/2) D:11            Elf (2/3) Orc:2        Vaults (4/5) D:13
  Crypt (3/3) Vaults:2     Depths (0/5) D:15
   Tomb: Crypt:3

Altars:
Ashenzari
Cheibriados
Dithmenos
Elyvilon
Fedhas
Gozag
Hepliaklqana
Kikubaaqudgha
Makhleb
Nemelex Xobeh
Okawaru
Qazlal
Ru
Sif Muna
Trog
Uskayaw
Vehumet
Wu Jian
Xom
Yredelemnul
Zin
The Shining One
Beogh

Shops:
D:6 *   D:8 %   D:11 [   Orc:1 (   Orc:2 ([([   Elf:2 *   Vaults:1 *
Vaults:3 (?%!

Annotations:
D:7 exclusion: ice statue
D:15 1 runed translucent door
Swamp:3 Mara
Crypt:1 3 runed translucent doors, exclusion: obsidian statue, Yga Pusyxe's ghost, adept GrFi
Crypt:3 Jory


Innate Abilities, Weirdness & Mutations

You have claws for hands.
You may emit foul miasma when damaged in melee.
You regenerate a lot of health from kills.
Your magical and physical power is enhanced at high health.
You are immune to rotting.
Your movements are less encumbered by armour. (ER -4)
Your body sometimes deteriorates upon taking damage.


Message History

Something hits you. Something drains your vigour!
You feel yourself slow down.
The flayed ghost stares at you with tortured malice.
Terrible wounds spread across more of your body!
* * * LOW HITPOINT WARNING * * *
Unknown command.
The vampire knight hits you with a +0 great sword!!
* * * LOW HITPOINT WARNING * * *
Your corrosive artefact corrodes you!
You block the vampire knight's attack.
Unknown command.
The flayed ghost cries, "Feel what I felt!"
The vampire knight is infused with unholy energy, but nothing happens.
Something hits you!
* * * LOW HITPOINT WARNING * * *
Something drains your vigour!
You feel as though you will be slow longer.
There is a stone staircase leading up, spattered with blood here.
Unknown command.
Unknown command.
The vampire knight hits you with a +0 great sword!!
You die...

....# ...#
...# #..#
#..# #..#
(######..#
.........#
######.@.#
#WV.# #.Z)#
#..○)......
.........##+#
########..#
..# ..# .#


You could see a vampire knight, a flayed ghost and a stone giant skeleton.

Vanquished Creatures
  Mennas (Crypt:1)
  Sojobo (Vaults:4)
  Frederick (Vaults:4)
  Rupert (Orc:2)
  A lich (Vaults:4)
  2 titans
  3 ancient champions
  2 sphinxes
  Roxanne (Elf:1)
  Donald (Orc:2)
  2 tengu reavers (Vaults:4)
  2 thorn hunters
  A shadow dragon (Vaults:3)
  A revenant (Crypt:3)
  A fire giant (Vaults:4)
  4 frost giants
  5 ghost moths
  3 deep elf sorcerers (Elf:2)
  An orc warlord (Orc:2)
  18 vault wardens
  Louise (Elf:2)
  4 emperor scorpions
  Aizul (Elf:1)
  14 ironheart preservers
  12 stone giants
  2 ghouls (Crypt:2)
  6 very ugly things
  6 entropy weavers
  A deep elf demonologist (Elf:2)
  2 vampire knights
  Azrael (D:12)
  2 deep elf death magi (Crypt:2)
  An eidolon (Crypt:1)
  3 jiangshi
  The ghost of VLARC the Thaumaturge, a journeyman VSAE of Vehumet (Lair:3)
  4 ettins
  Josephine (Orc:1)
  7 yaktaur captains
  A deep elf high priest (Elf:2)
  3 fire dragons
  A great orb of eyes (D:15)
  9 vault guards
  2 ghost crabs
  Erolcha (D:9)
  2 shambling mangroves
  An ice dragon (Vaults:2)
  2 rakshasas
  21 hydras
  Erica (D:9)
  3 centaur warriors
  16 alligators
  A queen ant (Spider:4)
  A catoblepas (Lair:3)
  A death knight (Vaults:4)
  47 two-headed ogres
  An alligator snapping turtle (Vaults:1)
  A satyr (Spider:4)
  An alligator (shapeshifter) (Vaults:2)
  14 ogre magi
  2 deep troll shamans
  A tengu warrior (D:14)
  3 vampire magi
  22 dancing weapons
  2 deep troll earth magi
  2 orc high priests
  5 hell knights
  16 deep elf knights
  The ghost of Thaneod the Arsonist, a novice DEFE of Vehumet (D:11)
  A golden dragon zombie (Crypt:3)
  4 unseen horrors
  A swamp dragon (shapeshifter) (Vaults:3)
  A wizard (D:13)
  4 spriggan druids
  A glowing orange brain (D:15)
  A flayed ghost (Crypt:3)
  11 deep elf archers
  9 skeletal warriors
  An unseen horror (shapeshifter) (Vaults:4)
  4 phantasmal warriors
  14 swamp dragons
  An obsidian statue (Vaults:2)
  A harpy (Spider:4)
  A lindwurm (shapeshifter) (Vaults:3)
  8 deep trolls
  Pikel (D:4)
  3 lindwurms (Swamp:4)
  A golden dragon skeleton (Crypt:2)
  13 ironbrand convokers
  An anaconda skeleton (Crypt:2)
  40 wolf spiders
  10 orc knights
  A necromancer (Crypt:3)
  An oklob plant (Lair:6)
  37 deep elf magi
  23 ugly things
  15 orb spiders
  2 manticores (D:12)
  4 cyclopes
  21 slime creatures
  10 elephants
  A spectral centaur (D:11)
  A moth of wrath (shapeshifter) (Vaults:1)
  4 moths of wrath
  4 torpor snails
  2 guardian serpents (shapeshifter)
  3 black mambas (Lair:6)
  13 vault sentinels
  A black mamba (shapeshifter) (Vaults:3)
  A spiny frog (shapeshifter) (Vaults:4)
  2 centaur skeletons (D:15)
  A centaur zombie (D:15)
  11 spiny frogs
  A kobold demonologist (D:11)
  19 demonic crawlers
  6 komodo dragons
  34 yaktaurs
  A rime drake (shapeshifter) (D:15)
  A minotaur zombie (Crypt:1)
  5 freezing wraiths
  4 wyverns
  A troll (shapeshifter) (D:15)
  A jumping spider (shapeshifter) (D:15)
  7 trolls
  3 polar bears (Lair:6)
  43 jumping spiders
  Prince Ribbit (D:5)
  7 tyrant leeches
  A polar bear (shapeshifter) (D:15)
  12 bog bodies
  A harpy skeleton (Crypt:3)
  A hornet (shapeshifter) (Vaults:3)
  22 hornets
  Grinder (D:6)
  6 dream sheep (Lair:6)
  22 blink frogs
  7 hippogriffs
  A fire giant simulacrum (Crypt:3)
  3 air elementals
  A redback (shapeshifter) (Vaults:3)
  6 vampires
  An ettin skeleton (Crypt:3)
  A centaur simulacrum (D:14)
  A human simulacrum (Vaults:1)
  68 redbacks
  A yak (shapeshifter) (Elf:2)
  4 shadows
  24 spriggans
  24 tarantellas
  2 water elementals
  10 humans
  A hungry ghost (D:7)
  4 fire elementals
  14 yaks
  4 hogs (D:7)
  2 basilisks
  11 wraiths
  35 vampire mosquitoes
  10 insubstantial wisps
  The ghost of Borgoz the Cutter, an amateur HaGl of Ashenzari (D:4)
  25 swamp worms
  A swamp worm (shapeshifter) (Vaults:3)
  8 wargs
  6 hell hounds (D:12)
  13 water moccasins
  A monstrous demonspawn skeleton (Crypt:2)
  A floating eye (shapeshifter) (Vaults:3)
  A spectral hornet (D:11)
  7 porcupines
  A hornet zombie (D:11)
  2 ice beasts
  35 orc warriors
  2 necrophages
  13 swamp drakes
  2 sky beasts
  5 black bears
  15 killer bees
  24 ogres
  21 wolves
  13 centaurs
  4 phantoms
  7 boggarts
  13 crocodiles
  5 big kobolds
  14 bullfrogs
  A gnoll sergeant (D:9)
  An earth elemental (D:12)
  A hippogriff skeleton (Crypt:1)
  A draconian skeleton (Crypt:2)
  A salamander skeleton (Crypt:1)
  A komodo dragon skeleton (Crypt:3)
  3 scorpions
  An orc simulacrum (Vaults:1)
  20 wights
  5 howler monkeys
  3 electric eels
  A wolf zombie (Crypt:1)
  8 crimson imps
  3 bullfrog zombies
  5 hounds
  3 jellies
  36 orc priests
  A gnoll shaman (D:10)
  A bullfrog skeleton (D:13)
  35 orc wizards
  7 iguanas
  9 worker ants
  A dwarf zombie (Crypt:1)
  A tengu zombie (Crypt:2)
  A felid zombie (Crypt:2)
  A hound zombie (D:11)
  2 hound skeletons
  A howler monkey zombie (D:5)
  A worker ant zombie (D:10)
  A howler monkey skeleton (D:8)
  12 gnolls
  7 adders
  2 shadow imps
  2 oozes
  An ooze (shapeshifter) (Vaults:4)
  4 worms
  4 dart slugs
  2 leopard geckos (D:7)
  128 orcs
  8 giant cockroaches
  7 goblins
  7 hobgoblins
  3 jackals
  22 kobolds
  6 quokkas
  2 ball pythons
  8 bats
  6 frilled lizards
  A frilled lizard skeleton (Crypt:1)
  A hobgoblin skeleton (Crypt:1)
  A leopard gecko skeleton (D:9)
  5 rats
  2 briar patches (Swamp:2)
  A plant (Swamp:3)
1668 creatures vanquished.

Vanquished Creatures (collateral kills)
  An ettin (Orc:1)
  A hydra (Swamp:4)
  An ugly thing (D:13)
  2 deep elf magi (Elf:1)
  An elephant (Lair:3)
  A spiny frog (Swamp:4)
  A killer bee (D:7)
  A howler monkey (D:8)
  An orc priest (D:8)
  2 orc wizards
  2 worker ants (D:7)
  A howler monkey zombie (D:7)
  5 orcs
  A giant cockroach (D:1)
  A kobold (D:1)
  A quokka (D:7)
  A bat (D:3)
  2 rats (D:1)
26 creatures vanquished.

Vanquished Creatures (others)
  A tentacled monstrosity (Vaults:4)
  A ghoul (D:1)
  A minotaur (D:1)
  A great orb of eyes (Vaults:4)
  An ogre mage (Vaults:4)
  A hell knight (Vaults:4)
  An unseen horror (D:15)
  2 deep elf archers
  An octopode (D:1)
  A vault sentinel (Vaults:4)
  2 gargoyles (D:1)
  3 yaktaurs
  A jumping spider (Spider:3)
  A bog body (Swamp:1)
  2 redbacks (Spider:4)
  A formicid (D:1)
  2 spriggans (D:1)
  A human (D:13)
  A vampire mosquito (Swamp:2)
  An orc warrior (D:8)
  3 ogres
  2 centaurs (D:1)
  A crocodile (Lair:5)
  A wyvern zombie (D:12)
  A killer bee (D:7)
  A centaur skeleton (D:5)
  2 adders
  A hobgoblin (D:1)
  A kobold (D:1)
  3 briar patches (Swamp:2)
  4 fungi (Lair:6)
  4 tentacles (D:1)
50 creatures vanquished.

Grand Total: 1744 creatures vanquished

Notes
Turn   | Place    | Note
-------+----------+-------------------------------------------
     0 | D:1      | Inarius the Demonspawn Artificer began the quest for the
                  | Orb.
     0 | D:1      | Reached XP level 1. HP: 15/15 MP: 3/3
     0 | D:1      | Noticed a ghoul
     0 | D:1      | Noticed a spriggan
     0 | D:1      | Noticed a minotaur
     0 | D:1      | Noticed a centaur
     0 | D:1      | Noticed a kraken
     0 | D:1      | Noticed an ogre
     0 | D:1      | Noticed an octopode
     0 | D:1      | Noticed a formicid
     0 | D:1      | Noticed a gargoyle
     0 | D:1      | Noticed a gargoyle
     0 | D:1      | Noticed a centaur
     0 | D:1      | Noticed a spriggan
     5 | D:1      | Killed a gargoyle
     5 | D:1      | Killed a centaur
     7 | D:1      | Killed a centaur
     7 | D:1      | Killed a gargoyle
     8 | D:1      | Killed a spriggan
     8 | D:1      | Killed an octopode
     8 | D:1      | Killed an ogre
     9 | D:1      | Killed a spriggan
     9 | D:1      | Killed a formicid
    10 | D:1      | Killed a minotaur
    12 | D:1      | Killed a ghoul
    68 | D:1      | Gained mutation: You have sharp fingernails. [demonic
                  | ancestry]
    68 | D:1      | Reached XP level 2. HP: 6/21 MP: 4/4
   848 | D:1      | Gained mutation: You regenerate a little health from kills.
                  | [demonic ancestry]
   848 | D:1      | Reached XP level 3. HP: 24/27 MP: 5/5
  1431 | D:2      | Reached skill level 1 in Stealth
  1431 | D:2      | Reached skill level 1 in Unarmed Combat
  1500 | D:2      | Reached skill level 1 in Armour
  1520 | D:2      | Reached XP level 4. HP: 32/33 MP: 6/6
  2161 | D:3      | Reached skill level 2 in Unarmed Combat
  2193 | D:3      | Found a sparkling altar of Nemelex Xobeh.
  2305 | D:3      | Found a faded altar of an unknown god.
  2658 | D:3      | Gained mutation: You are immune to rotting. [demonic
                  | ancestry]
  2658 | D:3      | Reached XP level 5. HP: 36/38 MP: 7/7
  2824 | D:3      | Found a bloodstained altar of Trog.
  2973 | D:3      | Found a hazy altar of Hepliaklqana.
  3193 | D:4      | Found a runed translucent door.
  3203 | D:4      | Noticed Borgoz's ghost (amateur HaGl)
  3253 | D:4      | Found a snail-covered altar of Cheibriados.
  3714 | D:5      | Entered Level 5 of the Dungeon
  3996 | D:5      | Noticed a slave
  3996 | D:5      | Noticed a slave
  3996 | D:5      | Noticed a slave
  3996 | D:5      | Noticed a slave
  3996 | D:5      | Noticed Pikel
  4362 | D:4      | Killed Pikel
  4362 | D:4      | Reached skill level 4 in Unarmed Combat
  4362 | D:4      | Gained mutation: You regenerate health from kills. [demonic
                  | ancestry]
  4362 | D:4      | Reached XP level 6. HP: 35/47 MP: 8/8
  4362 | D:4      | Gained mutation: You have very sharp fingernails. [demonic
                  | ancestry]
  4362 | D:4      | Reached XP level 7. HP: 39/52 MP: 9/9
  4477 | D:5      | Reached skill level 5 in Unarmed Combat
  4697 | D:5      | Noticed Prince Ribbit
  5116 | D:5      | Killed Prince Ribbit
  5116 | D:5      | Reached XP level 8. HP: 54/60 MP: 10/10
  5509 | D:5      | Reached skill level 6 in Unarmed Combat
  5713 | D:4      | Killed Borgoz's ghost
  5982 | D:5      | Got an ebony whip
  5983 | D:5      | Identified the +1 whip "Pedetore" {freeze, rElec rC++ MR-}
                  | (You found it on level 5 of the Dungeon)
  6274 | D:6      | Found Heda Ont's Assorted Antiques.
  6283 | D:6      | Bought a glowing orange potion for 26 gold pieces
  6283 | D:6      | Bought a scroll labeled OCEUSO OMOAM for 29 gold pieces
  6283 | D:6      | Bought a scroll of identify for 58 gold pieces
  6283 | D:6      | Bought a silvery potion for 26 gold pieces
  6310 | D:6      | Noticed Grinder
  6339 | D:6      | Killed Grinder
  6339 | D:6      | Reached skill level 7 in Unarmed Combat
  6787 | D:7      | Reached XP level 9. HP: 61/66 MP: 11/11
  6802 | D:7      | Found an opulent altar of Gozag.
  6855 | D:7      | Found a staircase to the Ecumenical Temple.
  6874 | Temple   | Entered the Ecumenical Temple
  7046 | D:7      | Reached skill level 8 in Unarmed Combat
  7364 | D:7      | Reached skill level 5 in Fighting
  7371 | D:7      | Reached skill level 9 in Unarmed Combat
  7381 | D:7      | Noticed an ice statue
  7543 | Temple   | Became a worshipper of Makhleb the Destroyer
  7588 | D:8      | Noticed a troll
  7978 | D:8      | Killed a troll
  7978 | D:8      | Reached skill level 1 in Invocations
  8073 | D:8      | Reached skill level 5 in Armour
  8136 | D:8      | Gained mutation: You may emit foul miasma when damaged in
                  | melee. [demonic ancestry]
  8136 | D:8      | Reached XP level 10. HP: 54/74 MP: 13/13
  8314 | D:8      | Reached * piety under Makhleb
  8471 | D:8      | Found an ancient bone altar of Kikubaaqudgha.
  8486 | D:8      | Found Zulayg's Food Shop.
  8592 | D:8      | Found a sacrificial altar of Ru.
  8679 | D:9      | Reached skill level 10 in Unarmed Combat
  8690 | D:9      | Noticed Erica
  8786 | D:9      | Killed Erica
  9089 | D:9      | Found an iron altar of Okawaru.
  9255 | D:9      | Found an ornate altar of the Wu Jian Council.
  9476 | D:9      | Reached ** piety under Makhleb
  9828 | D:9      | Noticed Erolcha
  9848 | D:9      | Killed Erolcha
  9848 | D:9      | Reached skill level 11 in Unarmed Combat
 10031 | D:10     | Entered Level 10 of the Dungeon
 10046 | D:10     | Got an ancient war axe
 10053 | D:10     | Identified the +7 war axe of Breach {venom, rC- Int+4} (You
                  | found it on level 10 of the Dungeon)
 10215 | D:10     | Reached XP level 11. HP: 81/81 MP: 14/14
 10513 | D:10     | Noticed a two-headed ogre
 10519 | D:10     | Killed a two-headed ogre
 10519 | D:10     | Reached skill level 5 in Invocations
 10642 | D:11     | Reached *** piety under Makhleb
 10661 | D:11     | Found a staircase to the Lair.
 10662 | D:11     | Noticed a purple ugly thing
 10968 | D:11     | Killed a purple ugly thing
 10968 | D:11     | Reached skill level 12 in Unarmed Combat
 11048 | D:11     | Found Gacromaesk's Antique Armour Shoppe.
 11052 | D:11     | Bought a pitted helmet for 285 gold pieces
 11057 | D:11     | Identified the +2 helmet "Maih Zan" {rPois rF+} (You bought
                  | it in a shop on level 11 of the Dungeon)
 11194 | D:11     | Killed an unseen horror
 11387 | D:11     | Reached **** piety under Makhleb
 11478 | D:11     | Found a staircase to the Orcish Mines.
 11560 | D:11     | Found a transporter.
 11562 | D:11     | Noticed Thaneod's ghost (novice DEFE)
 11575 | D:11     | Found a transporter.
 11824 | Lair:1   | Entered Level 1 of the Lair of Beasts
 12056 | Lair:1   | Reached skill level 5 in Dodging
 12544 | Lair:2   | Reached skill level 14 in Unarmed Combat
 12544 | Lair:2   | Gained mutation: Your movements are slightly less
                  | encumbered by armour. (ER -2) [demonic ancestry]
 12544 | Lair:2   | Reached XP level 12. HP: 89/89 MP: 16/16
 13491 | Lair:3   | Reached XP level 13. HP: 96/96 MP: 18/18
 13543 | Lair:3   | Found a runed translucent gate.
 13543 | Lair:3   | Found a runed translucent gate.
 13546 | Lair:3   | Found a runed translucent gate.
 13547 | Lair:3   | Noticed VLARC's ghost (journeyman VSAE)
 13952 | Lair:3   | Reached skill level 15 in Unarmed Combat
 14336 | Lair:3   | Reached skill level 5 in Evocations
 14372 | Lair:3   | You fall through a shaft for 3 floors!
 14372 | Lair:6   | Entered Level 6 of the Lair of Beasts
 14638 | Lair:4   | Reached ***** piety under Makhleb
 14740 | Lair:3   | You fall through a shaft!
 15076 | Lair:3   | Found a staircase to the Swamp.
 15814 | Lair:4   | Found a hole to the Spider Nest.
 16435 | Lair:5   | Found a staircase to the Slime Pits.
 17484 | Lair:6   | Noticed Sonja
 17487 | Lair:6   | Noticed Sonja
 17487 | Lair:6   | Sonja changed into Sonja the basilisk
 17495 | Lair:6   | Killed Sonja the basilisk
 17657 | Lair:6   | Reached skill level 16 in Unarmed Combat
 17869 | Lair:6   | Reached XP level 14. HP: 82/106 MP: 19/21
 18084 | Lair:6   | Reached skill level 1 in Shields
 18118 | Lair:6   | Found the +3 robe of Folly {Archmagi, MR-- Int+5}
 18132 | Lair:6   | Reached ****** piety under Makhleb
 18221 | Lair:6   | Found a snail-covered altar of Cheibriados.
 18233 | Lair:6   | Reached skill level 10 in Invocations
 18533 | Lair:6   | Found a shattered altar of Ashenzari.
 18797 | Lair:3   | Killed VLARC's ghost
 19050 | Orc:1    | Entered Level 1 of the Orcish Mines
 19593 | Orc:2    | Entered Level 2 of the Orcish Mines
 19593 | Orc:2    | Noticed Josephine
 19778 | Orc:2    | Noticed Rupert
 19787 | Orc:1    | Killed Josephine
 20461 | Orc:2    | Killed Rupert
 20461 | Orc:2    | Reached skill level 17 in Unarmed Combat
 20525 | Orc:2    | Noticed Donald
 20759 | D:6      | Bought a wand of acid (4) for 232 gold pieces
 20759 | D:6      | Bought a potion of might for 116 gold pieces
 20900 | Orc:2    | Killed Donald
 20984 | Orc:2    | Found a roughly hewn altar of Beogh.
 20984 | Orc:2    | Found Burebb's Weapon Boutique.
 21038 | Orc:2    | Found a roughly hewn altar of Beogh.
 21040 | Orc:2    | Found Foppiev's Armour Shop.
 21141 | Orc:1    | Found Othatz's Weapon Emporium.
 21303 | Orc:2    | Found a staircase to the Elven Halls.
 21307 | Orc:2    | Found a roughly hewn altar of Beogh.
 21437 | Orc:2    | Found a roughly hewn altar of Beogh.
 21534 | Orc:2    | Found a roughly hewn altar of Beogh.
 21573 | Orc:2    | Found a roughly hewn altar of Beogh.
 21694 | Orc:2    | Found a roughly hewn altar of Beogh.
 21892 | Orc:2    | Noticed an orc warlord
 22295 | Orc:2    | Killed an orc warlord
 22368 | Orc:2    | Found Kemyer's Antique Weapon Shop.
 22371 | Orc:2    | Found a roughly hewn altar of Beogh.
 22374 | Orc:2    | Found Viugi's Antique Armour Boutique.
 22391 | Orc:2    | Bought a faintly glowing chain mail for 218 gold pieces
 22401 | Orc:2    | Identified the +5 chain mail of the Orb Guardian {rN++
                  | rCorr Str+2} (You bought it in a shop on level 2 of the
                  | Orcish Mines)
 22844 | D:12     | Noticed Azrael
 22903 | D:12     | Killed Azrael
 22903 | D:12     | Gained mutation: Your movements are less encumbered by
                  | armour. (ER -4) [demonic ancestry]
 22903 | D:12     | Reached XP level 15. HP: 68/113 MP: 23/23
 23438 | D:12     | Found a large runed translucent door.
 23438 | D:12     | Found a large runed translucent door.
 24164 | D:13     | Found a gate to the Vaults.
 24261 | D:13     | Found an ornate altar of the Wu Jian Council.
 25090 | D:15     | Entered Level 15 of the Dungeon
 25148 | D:15     | Reached skill level 18 in Unarmed Combat
 25283 | D:15     | Identified a scroll of acquirement
 26064 | D:15     | Found a staircase to the Depths.
 26122 | D:15     | Found a runed translucent door.
 26124 | D:15     | Noticed a frost giant
 26124 | D:15     | Noticed a tengu reaver
 26172 | D:15     | Reached skill level 5 in Shields
 26475 | D:11     | Killed Thaneod's ghost
 26667 | Spider:1 | Entered Level 1 of the Spider Nest
 26864 | Spider:1 | Reached skill level 10 in Fighting
 27094 | Spider:1 | Gained mutation: You have claws for hands. [demonic
                  | ancestry]
 27094 | Spider:1 | Reached XP level 16. HP: 122/122 MP: 24/24
 27649 | Spider:2 | You fall through a shaft!
 28469 | Spider:2 | Reached skill level 19 in Unarmed Combat
 29084 | Spider:4 | Entered Level 4 of the Spider Nest
 29821 | Spider:4 | Gained mutation: Your magical and physical power is
                  | slightly enhanced at high health. [demonic ancestry]
 29821 | Spider:4 | Reached XP level 17. HP: 130/131 MP: 25/25
 31410 | Spider:4 | Got a gossamer rune of Zot
 31649 | Swamp:1  | Entered Level 1 of the Swamp
 33308 | Swamp:2  | Reached skill level 20 in Unarmed Combat
 34473 | Swamp:3  | Noticed Mara
 35374 | Swamp:4  | Entered Level 4 of the Swamp
 35456 | Swamp:3  | Gained mutation: You regenerate a lot of health from kills.
                  | [demonic ancestry]
 35456 | Swamp:3  | Reached XP level 18. HP: 139/139 MP: 27/27
 36002 | Swamp:4  | Got a fine cloak
 36014 | Swamp:4  | Identified the +2 cloak of Batwisa {rElec rN++ Regen+
                  | Stlth-} (You found it on level 4 of the Swamp)
 36032 | Swamp:4  | Got a decaying rune of Zot
 37029 | Vaults:1 | Entered Level 1 of the Vaults
 38066 | Vaults:1 | Reached skill level 21 in Unarmed Combat
 38139 | Vaults:1 | Found Urucsaep's General Store.
 38147 | Vaults:1 | Bought a scroll of identify for 24 gold pieces
 38147 | Vaults:1 | Bought a potion of curing for 36 gold pieces
 38783 | Vaults:1 | Reached XP level 19. HP: 147/147 MP: 29/29
 40327 | Vaults:2 | Found a staircase to the Crypt.
 40510 | Vaults:2 | Reached skill level 10 in Armour
 40856 | Vaults:3 | Found Anisoa's Antique Weapon Shop.
 40986 | Vaults:3 | Found Acu Qadoss's Food Emporium.
 41235 | Vaults:3 | Reached skill level 22 in Unarmed Combat
 41555 | Vaults:3 | Reached XP level 20. HP: 151/156 MP: 31/31
 41779 | Vaults:3 | Found Pustall's Distillery.
 41797 | Vaults:3 | Bought a potion of heal wounds for 50 gold pieces
 41797 | Vaults:3 | Bought a potion of heal wounds for 50 gold pieces
 41797 | Vaults:3 | Bought a potion of resistance for 100 gold pieces
 41797 | Vaults:3 | Bought a potion of heal wounds for 50 gold pieces
 41797 | Vaults:3 | Bought a potion of invisibility for 80 gold pieces
 41797 | Vaults:3 | Bought a potion of cancellation for 80 gold pieces
 41797 | Vaults:3 | Bought a potion of might for 40 gold pieces
 41825 | Vaults:3 | Got a smoking lapis lazuli ring
 41869 | Vaults:3 | Found Nedosh's Magic Scroll Shoppe.
 41878 | Vaults:3 | Bought a scroll of fog for 32 gold pieces
 41878 | Vaults:3 | Bought a scroll of fog for 32 gold pieces
 41878 | Vaults:3 | Bought a scroll of fog for 32 gold pieces
 41878 | Vaults:3 | Bought a scroll of identify for 32 gold pieces
 41878 | Vaults:3 | Bought a scroll of identify for 32 gold pieces
 41878 | Vaults:3 | Bought 2 scrolls of identify for 64 gold pieces
 41878 | Vaults:3 | Bought a scroll of identify for 32 gold pieces
 41878 | Vaults:3 | Bought a scroll of identify for 32 gold pieces
 42809 | Vaults:4 | Identified the ring "Heeqauso" {*Corrode rF+ rN+ Slay+2}
                  | (You found it on level 3 of the Vaults)
 42971 | Vaults:4 | Reached skill level 15 in Invocations
 43018 | Vaults:4 | Reached skill level 10 in Shields
 43492 | Vaults:4 | Noticed Frederick
 43836 | Vaults:4 | Noticed Sojobo
 43867 | Vaults:4 | Killed Sojobo
 43867 | Vaults:4 | Reached skill level 23 in Unarmed Combat
 44151 | Vaults:4 | Gained mutation: Your magical and physical power is
                  | enhanced at high health. [demonic ancestry]
 44151 | Vaults:4 | Reached XP level 21. HP: 164/164 MP: 32/32
 44192 | Vaults:4 | Killed Frederick
 45188 | Elf:1    | Entered Level 1 of the Elven Halls
 45192 | Elf:1    | Gained mutation: Your body sometimes deteriorates upon
                  | taking damage. [a neqoxec]
 45518 | Elf:1    | Noticed Aizul
 45522 | Elf:1    | Killed Aizul
 45676 | Elf:1    | Identified Roxanne's Almanac of Transmigration
 45676 | Elf:1    | Noticed Roxanne
 46048 | Elf:1    | Killed Roxanne
 46155 | Elf:2    | Found Sairchomu's Assorted Antiques.
 46169 | Elf:2    | Bought a potion of heal wounds for 185 gold pieces
 46169 | Elf:2    | Bought an encrusted scale mail for 333 gold pieces
 46169 | Elf:2    | Bought a potion of mutation for 296 gold pieces
 46169 | Elf:2    | Identified the +6 scale mail of the Doldrums {Dex+4 Slay+5
                  | Stlth+} (You bought it in a shop on level 2 of the Elven
                  | Halls)
 46247 | Elf:2    | Noticed Louise
 46295 | Elf:2    | Killed Louise
 46460 | Elf:2    | Upgraded the game from 0.24-a0-230-g536ed4e to
                  | 0.24-a0-232-g49d9ff8
 46603 | Elf:2    | Found a runed translucent gate.
 46603 | Elf:2    | Found a runed translucent gate.
 46603 | Elf:2    | Found a runed translucent gate.
 47546 | Crypt:1  | Entered Level 1 of the Crypt
 47913 | Crypt:1  | Found a runed translucent gate.
 47913 | Crypt:1  | Found a runed translucent gate.
 47913 | Crypt:1  | Found a runed translucent gate.
 47914 | Crypt:1  | Found an opulent altar of Gozag.
 47915 | Crypt:1  | Noticed Yga Pusyxe's ghost (adept GrFi)
 48263 | Crypt:1  | Noticed Mennas
 48320 | Crypt:1  | Killed Mennas
 48365 | Crypt:1  | Found an ancient bone altar of Kikubaaqudgha.
 48532 | Crypt:1  | Reached skill level 24 in Unarmed Combat
 48652 | Crypt:2  | Identified the cursed +1 chain mail of Moanasas {rF- rC+
                  | rN++ Int+2} (You found it on level 2 of the Crypt)
 49227 | Crypt:3  | Entered Level 3 of the Crypt
 49232 | Crypt:3  | Noticed Jory
 49393 | Crypt:3  | Paralysed by a vampire knight for 5 turns
 49402 | Crypt:3  | Mangled by a vampire knight

Levels and vault maps discovered:
D:1:      nicolae_arrival_kraken_aquarium_a, layout_basic, roderic_roman_lattice
D:2:      layout_basic, first_ration
D:3:      layout_loops_ring, nemelex_xobeh_ov_fountains_minmay,
          overflow_temple_1_default, lemuel_crystal_altar,
          chequers_ecumenical_altar_island
D:4:      layout_gridville, overflow_temple_1_default,
          ebering_ghost_reflecting_pool
D:5:      minmay_bubble_buster, layout_loops_ring, dk_noncrumbling_3,
          uniq_prince_ribbit1, uniq_pikel
D:6:      layout_gridville, serial_shops, nicolae_shop_waterfront, uniq_grinder
D:7:      lemuel_ice_statue, layout_rooms, grunt_gozag_statues,
          minmay_temple_entry_antechambers, grunt_livestock
D:8:      minmay_inner_zag, layout_rooms, nicolae_ru_path_of_blood,
          kiku_gazebo_pond_becter, serial_shops, shop, grunt_ministairs_1
D:9:      layout_roguey, lemuel_round_altar, overflow_temple_1_default,
          uniq_erolcha, uniq_erica
D:10:     layout_roguey, evilmike_minifort
D:11:     layout_basic, lair_entry_dummy, hiddenorc1_lemuel,
          gammafunk_ghost_mausoleum, serial_shops, shop_fountains
D:12:     layout_roguey, lightli_elemental_guards, uniq_azrael
D:13:     layout_roguey, ximxim_vaults_locker_room, basic_altar, st_stairs_3
D:14:     layout_rooms, serial_park_tiny_pond, interstate_on_off
D:15:     gammafunk_enter_depths_forms, layout_rooms, minmay_hidden_floor
Temple:   dshaligram_water_room_temple
Lair:1:   layout_regular_city, grunt_megastairs_2
Lair:2:   layout_cave_shapes, st_stairs_5
Lair:3:   layout_cave_pods, nicolae_swamp_entry_splash_gauntlet,
          ebering_ghost_rock_garden
Lair:4:   layout_hall_layers, spider_nest_entry_web_field, lemuel_fruit_tree,
          infiniplex_staircase_pool_2
Lair:5:   layout_cave_pods, nicolae_slime_entry_slimehenge
Lair:6:   minmay_lair_end_enchanted_forest, layout_cave_pods, basic_altar,
          lemuel_oklob_altar, uniq_sonja
Swamp:1:  layout_basic_swamp, evilmike_swamp_ruin_house_2, swamp_pool1,
          infiniplex_staircase_pool
Swamp:2:  layout_falls_marsh, evilmike_swamp_ruin_rubble_2
Swamp:3:  layout_basic_swamp, nicolae_swamp_little_tower,
          hangedman_swamp_diagram, uniq_mara
Swamp:4:  swamp_alternative, layout_basic_swamp, swamp_pool5
Spider:1: layout_spider_delve, drop_trap
Spider:2: layout_spider_delve
Spider:3: layout_spider_delve
Spider:4: grunt_spider_rune_island
Orc:1:    layout_caves, serial_shops, shop
Orc:2:    grunt_orc_community_town_hall, layout_caves,
          grunt_orc_community_big_house_1, grunt_orc_community_big_house_1,
          grunt_orc_community_house_2, grunt_orc_community_house_3,
          grunt_orc_community_house_3, grunt_orc_community_house_1,
          grunt_orc_community_house_3, grunt_orc_community_house_3,
          nicolae_orc_rockfall, uniq_donald, uniq_rupert, uniq_josephine
Elf:1:    minmay_elf_arrival_circle, layout_gridlike, serial_glass,
          glass_columns_a, glass_columns_b, minmay_elf_crystal_hexagon,
          uniq_aizul, uniq_roxanne
Elf:2:    layout_geoelf_diagonals, serial_shops, nicolae_shop_crystal,
          uniq_louise
Vaults:1: vaults_mumra_lcd, vaults_standard_mumra_x, dpeg_vaults_monster_box,
          nicolae_vaults_border_crossing, v_misc_12, nicolae_vaults_alarming,
          layout_vaults_omnigrid, serial_shops, shop_statue
Vaults:2: minmay_crypt_entry_vampire_xt, nicolae_vaults_big_ls,
          nicolae_vaults_statue_guard, ontoclasm_vaults_misaligned,
          grunt_vaults_twisty, vaults_dpeg_hooks, vaults_dpeg_diagonal,
          hangedman_vaults_snaps, v_misc_14, vaults_room_grid, v_alt_pattern_4,
          v_misc_4, layout_vaults_maze_bifur, uniq_bai_suzhen
Vaults:3: hangedman_vaults_nails, grunt_vaults_bifocal, hangedman_vaults_impose,
          ontoclasm_vaults_misaligned, dpeg_vaults_waves, grunt_vaults_swirl,
          nicolae_vaults_diagonal_hallway_7, v_misc_18,
          nicolae_vaults_angled_halls, layout_vaults_big_cross, serial_shops,
          shop_scrolls, shop_fountains, shop, nicolae_shop_window_shopping
Vaults:4: v_misc_22, dpeg_vaults_pockets_of_resistance,
          hangedman_vaults_stagger, vaults_room_large_hall,
          nicolae_vaults_stairing_the_circle, nicolae_vaults_specimen_jars,
          nicolae_vaults_hallways_thing, v_misc_32, v_rooms_1, v_alt_pattern_3,
          nicolae_vaults_angled_halls, ontoclasm_vaults_eye,
          nicolae_vaults_ninety_degrees, nicolae_vaults_rhombus_7,
          nicolae_vaults_little_squares_6, grunt_vaults_hallway_short,
          layout_vaults_omnibox, uniq_frederick, uniq_sojobo
Crypt:1:  layout_misc_corridors, ebering_ghost_gozag, serial_co_window_serial,
          co_window_of_opportunity_a, co_window_paths_a, co_window_paths_a,
          co_window_of_opportunity_a, co_window_paths_b, co_window_paths_a,
          co_window_corner_a, co_window_corner_ca, co_window_of_opportunity_b,
          co_window_cross_4, co_window_broadway_a, co_window_of_opportunity_b,
          co_window_broadway_c, co_window_4corner_b, basic_altar, uniq_mennas
Crypt:2:  layout_misc_corridors
Crypt:3:  lightli_unholy_cathedral, layout_chaotic_city, uniq_jory

Skill      XL: |  1  2  3  4  5  6  7  8  9 10 11 12 13 14 15 16 17 18 19 20 21 |
---------------+----------------------------------------------------------------+-----
Dodging        | 2 3 4 5 6 7 8 |  8.7
Stealth        | 1 2 3 4 |  4.5
Unarmed Combat | 1 2 4 5 7 9 11 14 16 17 18 19 20 21 22 23 24 | 24.2
Armour         | 1 3 4 5 6 7 8 9 10 11 | 11.1
Fighting       | 2 3 4 5 6 7 8 9 10 11 12 13 14 | 14.2
Evocations     | 4 5 6 7 8 9 |  9.9
Invocations    | 1 4 6 9 10 11 12 13 14 15 16 | 16.4
Shields        | 3 5 7 8 9 10 | 10.7
Short Blades   | |  0.8

Action                   |  1- 3 |  4- 6 |  7- 9 | 10-12 | 13-15 | 16-18 | 19-21 || total
-------------------------+-------+-------+-------+-------+-------+-------+-------++-------
Melee: Short sword       |    25 |       |       |       |       |       |       ||    25
       Unarmed           |   147 |   265 |   318 |   603 |  1882 |  1873 |  1766 ||  6854
       Punch             |       |     1 |     8 |    42 |    37 |       |       ||    88
Invok: Minor Destruction |       |       |       |    19 |    22 |    12 |       ||    53
       Lesser Servant of |       |       |       |       |     5 |     1 |     1 ||     7
       Major Destruction |       |       |       |       |       |     2 |       ||     2
Evoke: Wand              |    15 |     7 |    23 |    23 |    38 |    45 |    14 ||   165
       Box of beasts     |       |       |       |       |       |       |     2 ||     2
  Use: Scroll            |       |     4 |     7 |    14 |     8 |    17 |     8 ||    58
       Potion            |       |     1 |     3 |     9 |     5 |     9 |     9 ||    36
 Stab: Sleeping          |       |     1 |       |     3 |     2 |     1 |       ||     7
       Petrified         |       |       |       |       |     3 |       |       ||     3
       Distracted        |       |       |       |       |     3 |     1 |       ||     4
       Confused          |       |       |       |       |       |     1 |       ||     1
       Invisible         |       |       |       |       |       |       |    11 ||    11
  Eat: Chunk             |     2 |     6 |    11 |    17 |    47 |    40 |    28 ||   151
       Ration            |       |     1 |     1 |       |     2 |       |       ||     4
Armor: Leather armour    |     6 |       |       |       |       |       |       ||     6
       Ring mail         |    83 |    97 |   102 |   234 |   250 |       |       ||   766
       Skin              |       |       |       |     9 |    51 |       |       ||    60
       Plate armour      |       |       |       |       |   225 |   100 |   436 ||   761
       Chain mail        |       |       |       |       |   436 |  1213 |       ||  1649
Dodge: Dodged            |   151 |   147 |   153 |   352 |   850 |  1122 |   399 ||  3174
Block: Shield            |       |       |       |       |   382 |  1325 |   605 ||  2312
       Buckler           |       |       |       |       |   101 |       |       ||   101
       Reflection        |       |       |       |       |    26 |    15 |    49 ||    90

Table legend:
 A = Non-vault XP
 B = Vault XP
 C = Vault XP percentage of total XP
 D = Non-vault monster count
 E = Vault monster count
 F = Vault count percentage of total count
                 A         B        C        D         E       F
            +---------+---------+-------+---------+---------+-------
      Total |  417890 |  271526 |  39.4 |    1211 |     495 |  29.0
            +---------+---------+-------+---------+---------+-------
        D:1 |      50 |       0 |   0.0 |      21 |       0 |   0.0
        D:2 |      66 |       0 |   0.0 |      24 |       0 |   0.0
        D:3 |     114 |       0 |   0.0 |      28 |       0 |   0.0
        D:4 |       3 |     808 |  99.6 |       2 |       2 |  50.0
        D:5 |     397 |     564 |  58.7 |      13 |       8 |  38.1
        D:6 |     180 |     272 |  60.2 |       9 |       1 |  10.0
        D:7 |    1056 |    1051 |  49.9 |      28 |       6 |  17.6
        D:8 |    1630 |     165 |   9.2 |      26 |       3 |  10.3
        D:9 |    2291 |    1919 |  45.6 |      37 |       2 |   5.1
       D:10 |    1765 |     839 |  32.2 |      29 |      13 |  31.0
       D:11 |    8881 |    2261 |  20.3 |      60 |      23 |  27.7
       D:12 |    5246 |    3168 |  37.7 |      21 |      13 |  38.2
       D:13 |    8362 |    3785 |  31.2 |      33 |      11 |  25.0
       D:14 |    7918 |       0 |   0.0 |      23 |       0 |   0.0
       D:15 |   11253 |    6704 |  37.3 |      38 |      11 |  22.4
     Lair:1 |    1615 |      96 |   5.6 |       9 |       1 |  10.0
     Lair:2 |    2303 |     923 |  28.6 |      14 |       4 |  22.2
     Lair:3 |    9457 |    1925 |  16.9 |      37 |       6 |  14.0
     Lair:4 |    5126 |       0 |   0.0 |      18 |       0 |   0.0
     Lair:5 |    1549 |      49 |   3.1 |       7 |       2 |  22.2
     Lair:6 |   11387 |    9400 |  45.2 |      30 |      48 |  61.5
    Swamp:1 |   14385 |       0 |   0.0 |      43 |       0 |   0.0
    Swamp:2 |   16110 |       0 |   0.0 |      48 |       0 |   0.0
    Swamp:3 |   19034 |    1962 |   9.3 |      46 |       2 |   4.2
    Swamp:4 |   16024 |   16491 |  50.7 |      33 |      23 |  41.1
   Spider:1 |   15671 |       0 |   0.0 |      43 |       0 |   0.0
   Spider:2 |   12351 |       0 |   0.0 |      39 |       0 |   0.0
   Spider:3 |   16380 |    8426 |  34.0 |      45 |       8 |  15.1
   Spider:4 |   25623 |   17051 |  40.0 |      60 |      34 |  36.2
      Orc:1 |    7107 |    3285 |  31.6 |      35 |      14 |  28.6
      Orc:2 |     751 |    8607 |  92.0 |      18 |      64 |  78.0
      Elf:1 |    9810 |    7326 |  42.8 |      15 |       9 |  37.5
      Elf:2 |   20247 |   23561 |  53.8 |      31 |      29 |  48.3
   Vaults:1 |   29216 |   29013 |  49.8 |      42 |      40 |  48.8
   Vaults:2 |   34324 |   18312 |  34.8 |      50 |      35 |  41.2
   Vaults:3 |   28402 |   29743 |  51.2 |      51 |      32 |  38.6
   Vaults:4 |   32470 |   66164 |  67.1 |      48 |      50 |  51.0
    Crypt:1 |   13462 |    7656 |  36.3 |      26 |       1 |   3.7
    Crypt:2 |   18880 |       0 |   0.0 |      22 |       0 |   0.0
    Crypt:3 |    6994 |       0 |   0.0 |       9 |       0 |   0.0
            +---------+---------+-------+---------+---------+-------
